 Dungeon Crawl Stone Soup version 0.18-b1-10-g3f7de93 (webtiles) character file.

1279 Inkary the Ruffian (level 8, -3/79 HPs)
             Began as a Troll Fighter on Apr 29, 2016.
             Slain by Duvessa
             ... wielding a +6 rapier of speed
              (8 damage)
             ... on level 5 of the Dungeon.
             The game lasted 00:09:00 (3010 turns).

Inkary the Ruffian (Troll Fighter)                  Turns: 3010, Time: 00:09:00

Health: -3/79      AC:  5    Str: 31    XL:     8   Next: 29%
Magic:  2/2        EV: 10    Int:  4    God:
Gold:   260        SH: 10    Dex: 10    Spells: 0 memorised, 7 levels left

rFire  . . .     SeeInvis .     v - +0 club (antimagic)
rCold  . . .     Gourm    +     a - +0 robe
rNeg   . . .     Faith    .     b - +0 shield
rPois  .         Spirit   .     (helmet restricted)
rElec  .         Dismiss  .     (no cloak)
rCorr  .         Reflect  .     (gloves unavailable)
SustAt .         Harm     +     (boots unavailable)
MR     .....                    i - amulet of harm
Stlth  +.........               (no ring)
                                (no ring)

@: mighty, not resistant to hostile enchantments, very unstealthy
A: unfitting armour, claws 3, fast metabolism 3, gourmand, regeneration 2,
shaggy fur 1, tough skin 2
a: no special abilities


You were on level 5 of the Dungeon.
You were not hungry.

You visited 1 branch of the dungeon, and saw 5 of its levels.

You collected 260 gold pieces.

Inventory:

Hand Weapons
 v - a +0 antimagic club (weapon)
Armour
 a - a +0 robe (worn)
 b - a +0 shield (worn)
Jewellery
 i - an amulet of harm (around neck)
Wands
 n - a wand of flame (24/48)
Scrolls
 e - a scroll of enchant weapon {unknown}
 g - 2 scrolls of enchant armour {unknown}
 h - a scroll of magic mapping {unknown}
 k - 2 scrolls of remove curse {unknown}
 l - a scroll of fog {unknown}
 r - 3 scrolls of identify
 s - a scroll of fear {unknown}
 u - a scroll of blinking {unknown}
 w - a scroll of teleportation {unknown}
Potions
 j - 2 potions of brilliance {unknown}
 m - a potion of mutation
 o - a potion of curing
 p - a potion of degeneration {unknown}
 q - a potion of beneficial mutation {unknown}
 t - a potion of agility {unknown}
Comestibles
 d - 6 bread rations
 f - 3 meat rations


   Skills:
 + Level 4.6 Fighting
 + Level 4.9 Dodging
 + Level 5.0 Shields
 + Level 5.2 Unarmed Combat


You had 7 spell levels left.
You didn't know any spells.

Dungeon Overview and Level Annotations

Branches:
Dungeon (5/15)
 Temple: D:4-7

Altars:
Gozag
Trog

Annotations:
D:5 Dowan, Duvessa


Innate Abilities, Weirdness & Mutations

You are too large for most types of armour.
You have claws for hands.
Your metabolism is lightning-fast.
You like to eat raw meat.
You heal very quickly.
You are covered in fur (AC +1).
You have very tough skin (AC +2).


Message History

Duvessa is severely wounded.
Duvessa hits you with a rapier of speed!
Duvessa closely misses you.
You hit Duvessa.
Duvessa is severely wounded.
Duvessa hits you with a rapier of speed!
Duvessa barely misses you.
Duvessa hits you with a rapier of speed!
* * * LOW HITPOINT WARNING * * *
You barely miss Duvessa.
Duvessa is severely wounded.
You block Duvessa's attack.
Duvessa hits you with a rapier of speed!
* * * LOW HITPOINT WARNING * * *
Drink which item? (? for menu, Esc to quit)
You feel very mighty all of a sudden.
Duvessa hits you with a rapier of speed.
* * * LOW HITPOINT WARNING * * *
Duvessa hits you with a rapier of speed!
You die...

....(..#........#
......#........#
....#.##..<..#
#.##.##.>...#
#....###+####
###..### #....#
#.#..# # #@#..#
#.#e#..#
..###.#.#..#
#..........#
#.###.#.##.#
#.#.# +# #...#
#......#......+
######. ....(.#


You could see Duvessa.

Vanquished Creatures
  A wyvern (D:4)
  An eye of draining (D:4)
  An ice beast (D:4)
  An ogre (D:4)
  4 scorpions (D:4)
  2 orc priests
  A centaur skeleton (D:4)
  An iguana (D:4)
  A giant frog skeleton (D:4)
  Natasha (thrice) (D:2)
  4 orc wizards
  2 worker ants (D:4)
  Ijyb (D:2)
  12 adders
  6 gnolls
  An ooze (D:1)
  An adder skeleton (D:4)
  2 worms (D:3)
  2 dart slugs
  2 giant geckos
  15 orcs
  5 giant cockroaches
  5 goblins
  9 hobgoblins
  17 jackals
  4 kobolds
  A quokka (D:3)
  11 bats
  4 giant newts
  10 rats
130 creatures vanquished.

Notes
Turn   | Place    | Note
--------------------------------------------------------------
     0 | D:1      | Inkary the Troll Fighter began the quest for the Orb.
     0 | D:1      | Reached XP level 1. HP: 22/22 MP: 0/0
    64 | D:1      | Reached XP level 2. HP: 25/29 MP: 1/1
   326 | D:1      | Reached XP level 3. HP: 36/36 MP: 2/2
   612 | D:2      | Found an opulent altar of Gozag.
   626 | D:2      | Reached XP level 4. HP: 38/44 MP: 3/3
   789 | D:2      | Noticed Ijyb
   806 | D:2      | Killed Ijyb
   917 | D:2      | Noticed Natasha
   922 | D:2      | Killed Natasha
   926 | D:2      | Reached XP level 5. HP: 52/52 MP: 4/4
  1059 | D:2      | Noticed Natasha
  1086 | D:2      | Killed Natasha
  1213 | D:2      | Noticed Natasha
  1219 | D:2      | Killed Natasha
  1353 | D:3      | Reached XP level 6. HP: 61/61 MP: 5/5
  1818 | D:4      | Reached XP level 7. HP: 42/68 MP: 6/6
  2154 | D:4      | Noticed a wyvern
  2161 | D:4      | Killed a wyvern
  2363 | D:4      | Found a bloodstained altar of Trog.
  2499 | D:4      | Reached XP level 8. HP: 79/79 MP: 7/7
  2529 | D:4      | Reached skill level 5 in Unarmed Combat
  2754 | D:4      | Reached skill level 5 in Shields
  2953 | D:5      | Entered Level 5 of the Dungeon
  2975 | D:5      | Noticed Duvessa
  2976 | D:5      | Noticed Dowan
  3010 | D:5      | Slain by Duvessa

Skill      XL: |  1  2  3  4  5  6  7  8 |
---------------+-------------------------+-----
Shields        | 3 4 5 |  5.0
Dodging        | 3 4 |  4.9
Unarmed Combat | 3 4 5 |  5.2
Fighting       | 3 4 |  4.6

Action                   |  1- 3 |  4- 6 |  7- 9 || total
-------------------------+-------+-------+-------++-------
Melee: Unarmed           |   116 |   230 |   104 ||   450
       Club              |       |       |    23 ||    23
  Use: Scroll            |       |     3 |       ||     3
       Potion            |       |     1 |     1 ||     2
 Stab: Sleeping          |       |     1 |       ||     1
  Eat: Chunk             |    11 |    12 |     5 ||    28
Armor: Robe              |    38 |    71 |    19 ||   128
Dodge: Dodged            |    46 |   109 |    29 ||   184
Block: Shield            |    66 |   124 |    47 ||   237
